Icehogs vs River Rats
Created - 1 mars 2013 at 18:57
Goals
|
| Icehogs |
1 |
3 |
4 |
8 |
| River Rats |
0 |
0 |
1 |
1 |
|
Shots
|
| Icehogs |
8 |
17 |
12 |
37 |
| River Rats |
16 |
5 |
9 |
30 |
|
1st period
1. Icehogs , Josh Hennessy 7 (Paul Ranger, Travis Moen) at 17:15
Penalties :
Logan Stephenson (Roc) for Elbowing (Minor) at 13:15
2nd period
2. Icehogs , Andrew Murray 1 (B.J. Crombeen) at 13:07 (PP)
3. Icehogs , Andrew Murray 2 (B.J. Crombeen, Ryan Parent) at 13:26 (PP)
4. Icehogs , Andrew Murray 3 (Barry Tallackson, Ville Nieminen) at 17:27
Penalties :
Patrik Berglund (Roc) for Elbowing (Minor) at 1:45, Bryan Bickell (Alb) for Hooking (Minor) at 7:39, Lee Stempniak (Alb) for Hooking (Minor) at 13:03, Lee Stempniak (Alb) for Hooking (Minor) at 13:12, Brett Maclean (Alb) for Tripping (Minor) at 18:33
3rd period
5. River Rats , Mikael Renberg 19 (Jonathan Ericsson, Kyle Chipchura) at 0:06 (SH)
6. Icehogs , Travis Moen 9 (Ryan Shannon, Matt Hunwick) at 7:24
7. Icehogs , Ville Nieminen 7 (Barry Tallackson, Matt Hunwick) at 9:42
8. Icehogs , Niklas Hagman 32 (Darren Helm, Jason King) at 13:31
9. Icehogs , Milan Jurcina 3 (Patrik Berglund) at 13:35
Penalties :
Josh Meyers (Alb) for Tripping (Minor) at 3:08, Ville Nieminen (Roc) for Hooking (Minor) at 3:08, Niklas Hjalmarsson (Alb) for Fighting (Major) at 15:33, Nikolai Kulemin (Roc) for Fighting (Major) at 15:33, Niklas Hjalmarsson (Alb) for instigated a fight (Minor) at 15:33, Niklas Hjalmarsson (Alb) for instigated a fight (10 Minutes Misconduct) at 15:33
Goalie Stats
José Theodore (Roc), 29 saves from 30 shots - (0,967), W, 21-14-2, 60:00 minutes
Jeff Glass (Alb), 29 saves from 37 shots - (0,784), L, 12-16-3, 60:00 minutes
Players Stats for Icehogs
Player Name G A P +/- PIM S H SB GA TA FO MP PP MP PK MP
------------------------------------------------------------------------------------
Andrew Murray 3 0 3 1 0 5 0 0 0 0 4/11 14:51 3:21 0:38
B.J. Crombeen 0 2 2 0 0 1 1 0 1 0 4/5 22:24 3:21 1:57
Barry Tallackson 0 2 2 2 0 5 1 0 1 0 0/0 11:38 0:05 0:00
Darren Helm 0 1 1 1 0 1 1 0 0 1 4/7 13:26 0:05 0:00
Jason King 0 1 1 1 0 3 2 0 0 1 1/2 15:22 2:49 0:00
Josh Hennessy 1 0 1 2 0 1 1 0 1 2 2/4 10:23 2:49 0:00
Logan Stephenson 0 0 0 1 2 0 4 0 0 0 0/0 11:31 0:00 0:00
Mark Popovic 0 0 0 1 0 0 1 1 0 0 0/0 11:32 0:00 0:00
Matt Hunwick 0 2 2 3 0 2 1 0 0 0 0/0 21:00 2:16 2:13
Milan Jurcina 1 0 1 3 0 1 1 1 0 0 0/0 21:00 2:16 2:13
Niklas Hagman 1 0 1 0 0 5 0 1 1 1 1/1 19:09 3:22 2:02
Nikolai Kulemin 0 0 0 1 5 5 1 0 1 0 0/0 18:28 0:00 1:39
Patrik Berglund 0 1 1 1 2 1 1 0 0 0 19/28 17:48 0:00 0:24
Paul Ranger 0 1 1 1 0 3 3 5 0 2 0/0 27:28 3:59 1:45
Ryan Parent 0 1 1 1 0 0 0 2 0 2 0/0 27:28 3:59 1:45
Ryan Shannon 0 1 1 2 0 0 1 0 0 0 0/0 7:45 0:04 0:00
Travis Moen 1 1 2 2 0 1 1 0 1 0 0/0 8:19 0:00 0:17
Ville Nieminen 1 1 2 2 2 3 1 0 0 0 1/1 14:27 2:49 0:59
Players Stats for River Rats
Player Name G A P +/- PIM S H SB GA TA FO MP PP MP PK MP
------------------------------------------------------------------------------------
Benn Ferriero 0 0 0 -3 0 3 0 3 0 0 2/8 10:43 0:00 0:00
Brett Maclean 0 0 0 0 2 3 0 1 2 0 0/0 14:37 1:47 0:00
Bryan Bickell 0 0 0 -3 2 0 1 0 1 0 0/0 12:56 0:12 0:48
Bryan Rodney 0 0 0 -2 0 2 1 2 0 3 0/0 14:38 0:00 0:36
Dustin Boyd 0 0 0 -2 0 2 0 1 1 0 11/29 19:54 1:59 2:04
Jay Beagle 0 0 0 -3 0 0 1 0 1 0 0/0 11:23 0:00 0:00
Jesse Joensuu 0 0 0 -1 0 0 2 0 0 1 0/0 8:38 0:12 0:00
Jonathan Ericsson 0 1 1 -2 0 0 0 2 0 0 0/0 22:15 2:12 4:02
Josh Gratton 0 0 0 -2 0 1 2 0 0 0 0/0 18:29 1:59 0:14
Josh Meyers 0 0 0 -2 2 1 0 2 0 1 0/0 13:14 0:00 1:09
Kyle Chipchura 0 1 1 0 0 1 0 0 0 1 5/11 12:23 0:00 3:51
Lee Stempniak 0 0 0 -2 4 4 2 0 3 0 0/0 19:48 2:11 1:40
Martin Grenier 0 0 0 -1 0 5 3 3 1 0 0/0 23:48 1:46 1:56
Mikael Renberg 1 0 1 1 0 3 2 1 0 0 0/0 18:18 1:47 3:51
Niklas Hjalmarsson 0 0 0 0 17 1 2 2 0 0 0/0 25:18 1:46 2:51
Sasha Pokulok 0 0 0 -3 0 1 2 1 0 0 0/0 21:11 2:12 1:56
Trent Hunter 0 0 0 -1 0 2 1 0 0 0 0/0 8:26 0:00 0:00
Tyler Bozak 0 0 0 0 0 1 3 1 0 0 5/11 15:41 1:47 0:02
3 Stars
1 - Andrew Murray (Roc)
2 - Travis Moen (Roc)
3 - José Theodore (Roc)
Power Play
Icehogs - 2 on 5 Attempt(s) - 40,00%
River Rats - 0 on 2 Attempt(s) - 0,00%
Penalty Kill
Icehogs - 2 on 2 Attempt(s) - 100,00%
- Score 0 goal in Penalty Kill
River Rats - 3 on 5 Attempt(s) - 60,00%
- Score 1 goal in Penalty Kill
Official
Referees : Martell Rob and Jackson Dave
Linesman : Derek Amell and Ryan Galloway
Game Notes
Andrew Murray has scored a Hat Trick!
Niklas Hjalmarsson and Nikolai Kulemin fight to a draw at 15:33 of 3rd period
Icehogs
5 vs 5 Forward
Center Left Wing Right Wing Time % Phy DF OF
1 Patrik Berglund Nikolai Kulemin B.J. Crombeen 40 1 2 2
2 Darren Helm Niklas Hagman Jason King 30 1 2 2
3 Andrew Murray Ville Nieminen Barry Tallackson 20 1 2 2
4 Josh Hennessy Travis Moen Ryan Shannon 10 1 2 2
5 vs 5 Defense
Defense Defense Time % Phy DF OF
1 Paul Ranger Ryan Parent 40 1 2 2
2 Matt Hunwick Milan Jurcina 30 1 2 2
3 Mark Popovic Logan Stephenson 20 1 2 2
4 Paul Ranger Ryan Parent 10 1 2 2
PowerPlay Forward
Center Left Wing Right Wing Time % Phy DF OF
1 Andrew Murray Niklas Hagman B.J. Crombeen 60 1 2 2
2 Josh Hennessy Ville Nieminen Jason King 40 1 2 2
PowerPlay Defense
Defense Defense Time % Phy DF OF
1 Paul Ranger Ryan Parent 60 1 2 2
2 Matt Hunwick Milan Jurcina 40 1 2 2
Penalty Kill 4 Players Forward
Center Wing Time % Phy DF OF
1 B.J. Crombeen Niklas Hagman 60 1 2 2
2 Ville Nieminen Nikolai Kulemin 40 1 2 2
Penalty Kill 4 Players Defense
Defense Defense Time % Phy DF OF
1 Paul Ranger Ryan Parent 60 1 2 2
2 Matt Hunwick Milan Jurcina 40 1 2 2
Penalty Kill - 3 Players Forward
Forward Time % Phy DF OF
1 B.J. Crombeen 60 1 2 2
2 Niklas Hagman 40 1 2 2
Penalty Kill - 3 Players Defense
Defense Defense Time % Phy DF OF
1 Paul Ranger Ryan Parent 60 1 2 2
2 Matt Hunwick Milan Jurcina 40 1 2 2
4 vs 4 Forward
Center Wing Time % Phy DF OF
1 B.J. Crombeen Niklas Hagman 60 1 2 2
2 Ville Nieminen Nikolai Kulemin 40 1 2 2
4 vs 4 Defense
Defense Defense Time % Phy DF OF
1 Paul Ranger Ryan Parent 60 1 2 2
2 Matt Hunwick Milan Jurcina 40 1 2 2
Last Minutes Offensive
Center Left Wing Right Wing Defense Defense
Andrew Murray Niklas Hagman B.J. Crombeen Paul Ranger Ryan Parent
Last Minutes Defensive
Center Left Wing Right Wing Defense Defense
Andrew Murray Niklas Hagman B.J. Crombeen Paul Ranger Ryan Parent
Goaltenders
Starting : José Theodore
Backup : Maxime Ouellet
Extra Forwards
Normal : Barry Tallackson, Darren Helm, Patrik Berglund - PP : Barry Tallackson, Darren Helm - PK : Patrik Berglund
Extra Defensemen
Normal : Mark Popovic, Logan Stephenson, Matt Hunwick - PP : Mark Popovic - PK : Logan Stephenson, Matt Hunwick
Penalty Shots
B.J. Crombeen, Niklas Hagman, Ville Nieminen, Nikolai Kulemin, Andrew Murray
River Rats
5 vs 5 Forward
Center Left Wing Right Wing Time % Phy DF OF
1 Dustin Boyd Josh Gratton Lee Stempniak 40 0 2 3
2 Tyler Bozak Brett Maclean Mikael Renberg 30 0 2 3
3 Benn Ferriero Bryan Bickell Jay Beagle 20 1 2 2
4 Kyle Chipchura Jesse Joensuu Trent Hunter 10 1 2 2
5 vs 5 Defense
Defense Defense Time % Phy DF OF
1 Niklas Hjalmarsson Martin Grenier 40 1 2 2
2 Jonathan Ericsson Sasha Pokulok 30 1 2 2
3 Josh Meyers Bryan Rodney 20 1 2 2
4 Niklas Hjalmarsson Bryan Rodney 10 1 2 2
PowerPlay Forward
Center Left Wing Right Wing Time % Phy DF OF
1 Dustin Boyd Josh Gratton Lee Stempniak 60 1 2 2
2 Tyler Bozak Brett Maclean Mikael Renberg 40 1 2 2
PowerPlay Defense
Defense Defense Time % Phy DF OF
1 Sasha Pokulok Jonathan Ericsson 60 1 2 2
2 Niklas Hjalmarsson Martin Grenier 40 1 2 2
Penalty Kill 4 Players Forward
Center Wing Time % Phy DF OF
1 Kyle Chipchura Mikael Renberg 60 1 2 2
2 Dustin Boyd Lee Stempniak 40 1 2 2
Penalty Kill 4 Players Defense
Defense Defense Time % Phy DF OF
1 Jonathan Ericsson Niklas Hjalmarsson 60 1 2 2
2 Sasha Pokulok Martin Grenier 40 1 2 2
Penalty Kill - 3 Players Forward
Forward Time % Phy DF OF
1 Kyle Chipchura 60 1 2 2
2 Mikael Renberg 40 1 2 2
Penalty Kill - 3 Players Defense
Defense Defense Time % Phy DF OF
1 Martin Grenier Niklas Hjalmarsson 60 1 2 2
2 Sasha Pokulok Jonathan Ericsson 40 1 2 2
4 vs 4 Forward
Center Wing Time % Phy DF OF
1 Tyler Bozak Lee Stempniak 60 1 2 2
2 Dustin Boyd Josh Gratton 40 1 2 2
4 vs 4 Defense
Defense Defense Time % Phy DF OF
1 Sasha Pokulok Jonathan Ericsson 60 1 2 2
2 Niklas Hjalmarsson Martin Grenier 40 1 2 2
Last Minutes Offensive
Center Left Wing Right Wing Defense Defense
Dustin Boyd Josh Gratton Lee Stempniak Jonathan Ericsson Martin Grenier
Last Minutes Defensive
Center Left Wing Right Wing Defense Defense
Dustin Boyd Josh Gratton Lee Stempniak Jonathan Ericsson Martin Grenier
Goaltenders
Starting : Jeff Glass
Backup : Barry Brust
Extra Forwards
Normal : Bryan Bickell, Brett Maclean, Mikael Renberg - PP : Bryan Bickell, Brett Maclean - PK : Lee Stempniak
Extra Defensemen
Normal : Martin Grenier, Josh Meyers, Sasha Pokulok - PP : Bryan Rodney - PK : Josh Meyers, Sasha Pokulok
Penalty Shots
Lee Stempniak, Mikael Renberg, Dustin Boyd, Brett Maclean, Benn Ferriero
% Time on Ice - Icehogs
Lines # - Real PCT - Wanted PCT - Time Play
Normal Forward
1 - 35% - 40% - 16:58
2 - 27% - 30% - 12:59
3 - 21% - 20% - 10:10
4 - 16% - 10% - 7:41
Normal Defense
1 - 39% - 40% - 18:49
2 - 33% - 30% - 15:40
3 - 24% - 20% - 11:32
4 - 4% - 10% - 1:47
PP Forward
1 - 55% - 60% - 3:26
2 - 45% - 40% - 2:49
PP Defense
1 - 64% - 60% - 3:59
2 - 36% - 40% - 2:16
PK Forward
1 - 75% - 60% - 2:59
2 - 25% - 40% - 0:59
PK Defense
1 - 44% - 60% - 1:45
2 - 56% - 40% - 2:13
PK3 Forward
1 - 0% - 60%
2 - 0% - 40%
PK3 Defense
1 - 0% - 60%
2 - 0% - 40%
44 Forward
1 - 76% - 60% - 1:30
2 - 24% - 40% - 0:29
44 Defense
1 - 57% - 60% - 1:08
2 - 43% - 40% - 0:51
Last Minute Offensive - 0:00
Last Minute Defensive - 0:00
Total
Forward - 60:00
Defense - 60:00
|
% Time on Ice - River Rats
Lines # - Real PCT - Wanted PCT - Time Play
Normal Forward
1 - 33% - 40% - 15:46
2 - 27% - 30% - 12:53
3 - 22% - 20% - 10:43
4 - 18% - 10% - 8:26
Normal Defense
1 - 42% - 40% - 19:54
2 - 31% - 30% - 14:38
3 - 22% - 20% - 10:42
4 - 5% - 10% - 2:34
PP Forward
1 - 55% - 60% - 2:11
2 - 45% - 40% - 1:47
PP Defense
1 - 55% - 60% - 2:12
2 - 45% - 40% - 1:46
PK Forward
1 - 78% - 60% - 4:53
2 - 22% - 40% - 1:22
PK Defense
1 - 69% - 60% - 4:19
2 - 31% - 40% - 1:56
PK3 Forward
1 - 0% - 60%
2 - 0% - 40%
PK3 Defense
1 - 0% - 60%
2 - 0% - 40%
44 Forward
1 - 78% - 60% - 1:33
2 - 22% - 40% - 0:26
44 Defense
1 - 55% - 60% - 1:05
2 - 45% - 40% - 0:54
Last Minute Offensive - 0:00
Last Minute Defensive - 0:00
Total
Forward - 60:00
Defense - 60:00
|
Play by Play
1st period
0:01 of 1st period - Patrik Berglund wins face-off versus Dustin Boyd in neutral zone.
0:04 of 1st period - Slapshot by Paul Ranger.
0:04 of 1st period - Shot Blocked by Martin Grenier.
1:59 of 1st period - Snap shot by Nikolai Kulemin.
1:59 of 1st period - Stopped by Jeff Glass without a rebound.
2:00 of 1st period - B.J. Crombeen wins face-off versus Benn Ferriero in River Rats zone.
2:27 of 1st period - Snap shot by Andrew Murray.
2:27 of 1st period - Stopped by Jeff Glass with a rebound.
2:29 of 1st period - Slapshot by Mark Popovic.
2:29 of 1st period - Shot Misses the Net.
2:31 of 1st period - Slapshot by Logan Stephenson.
2:31 of 1st period - Shot Misses the Net.
2:45 of 1st period - Snap shot by Mikael Renberg.
2:45 of 1st period - Shot Blocked by Paul Ranger.
3:05 of 1st period - Sasha Pokulok is hit by Paul Ranger and loses puck.
3:31 of 1st period - Jonathan Ericsson is hit by Nikolai Kulemin and loses puck.
3:56 of 1st period - Snap shot by Barry Tallackson.
3:56 of 1st period - Shot Blocked by Niklas Hjalmarsson.
4:14 of 1st period - Wrist shot by Mikael Renberg.
4:14 of 1st period - Deflect By Brett Maclean.
4:14 of 1st period - Stopped by José Theodore with a rebound.
4:38 of 1st period - Snap shot by Patrik Berglund.
4:38 of 1st period - Stopped by Jeff Glass with a rebound.
4:40 of 1st period - Slapshot by Paul Ranger.
4:40 of 1st period - Shot Misses the Net.
4:42 of 1st period - Slapshot by Ryan Parent.
4:42 of 1st period - Deflect By B.J. Crombeen.
4:42 of 1st period - Shot Misses the Net.
4:42 of 1st period - Puck is out of play.
4:43 of 1st period - Andrew Murray wins face-off versus Dustin Boyd in River Rats zone.
5:44 of 1st period - Wrist shot by Nikolai Kulemin.
5:44 of 1st period - Shot Misses the Net.
5:52 of 1st period - Snap shot by B.J. Crombeen.
5:52 of 1st period - Stopped by Jeff Glass with a rebound.
5:54 of 1st period - Slapshot by Paul Ranger.
5:54 of 1st period - Stopped by Jeff Glass without a rebound.
5:55 of 1st period - Dustin Boyd wins face-off versus Darren Helm in River Rats zone.
6:20 of 1st period - Martin Grenier is hit by Ryan Shannon and loses puck.
6:27 of 1st period - Slapshot by Mikael Renberg.
6:27 of 1st period - Shot Misses the Net.
6:29 of 1st period - Slapshot by Josh Meyers.
6:29 of 1st period - Stopped by José Theodore with a rebound.
6:51 of 1st period - Snap shot by Barry Tallackson.
6:51 of 1st period - Stopped by Jeff Glass with a rebound.
7:23 of 1st period - Slapshot by Lee Stempniak.
7:23 of 1st period - Stopped by José Theodore without a rebound.
7:24 of 1st period - Andrew Murray wins face-off versus Kyle Chipchura in Icehogs zone.
9:13 of 1st period - Off-side.
9:14 of 1st period - Patrik Berglund wins face-off versus Dustin Boyd in neutral zone.
9:28 of 1st period - Wrist shot by B.J. Crombeen.
9:28 of 1st period - Shot Misses the Net.
10:20 of 1st period - Wrist shot by Trent Hunter.
10:20 of 1st period - Shot Misses the Net.
10:22 of 1st period - Wrist shot by Kyle Chipchura.
10:22 of 1st period - Stopped by José Theodore without a rebound.
10:23 of 1st period - Kyle Chipchura wins face-off versus Patrik Berglund in Icehogs zone.
10:24 of 1st period - Wrist shot by Trent Hunter.
10:24 of 1st period - Stopped by José Theodore with a rebound.
10:52 of 1st period - Slapshot by Martin Grenier.
10:52 of 1st period - Shot Blocked by Mark Popovic.
10:54 of 1st period - Slapshot by Martin Grenier.
10:54 of 1st period - Stopped by José Theodore with a rebound.
10:56 of 1st period - Wrist shot by Kyle Chipchura.
10:56 of 1st period - Shot Misses the Net.
11:14 of 1st period - Wrist shot by B.J. Crombeen.
11:14 of 1st period - Shot Blocked by Bryan Rodney.
11:16 of 1st period - Slapshot by Mark Popovic.
11:16 of 1st period - Deflect By Patrik Berglund.
11:16 of 1st period - Shot Blocked by Josh Meyers.
11:16 of 1st period - Puck is out of play.
11:17 of 1st period - Dustin Boyd wins face-off versus Darren Helm in River Rats zone.
11:17 of 1st period - Dustin Boyd is hit by Paul Ranger.
11:31 of 1st period - Snap shot by Niklas Hagman.
11:31 of 1st period - Shot Hit the Post.
11:33 of 1st period - Snap shot by Ryan Parent.
11:33 of 1st period - Deflect By Niklas Hagman.
11:33 of 1st period - Shot Blocked by Martin Grenier.
11:33 of 1st period - Puck is out of play.
11:34 of 1st period - Tyler Bozak wins face-off versus Andrew Murray in River Rats zone.
11:43 of 1st period - Wrist shot by Brett Maclean.
11:43 of 1st period - Stopped by José Theodore with a rebound.
11:49 of 1st period - Niklas Hjalmarsson is hit by Barry Tallackson and loses puck.
12:00 of 1st period - Darren Helm is hit by Lee Stempniak and loses puck.
12:25 of 1st period - Wrist shot by Josh Hennessy.
12:25 of 1st period - Shot Blocked by Jonathan Ericsson.
12:49 of 1st period - Snap shot by Trent Hunter.
12:49 of 1st period - Shot Blocked by Ryan Parent.
13:15 of 1st period - Minor Penalty to Logan Stephenson for Elbowing.
13:16 of 1st period - B.J. Crombeen wins face-off versus Dustin Boyd in Icehogs zone.
13:52 of 1st period - Slapshot by Tyler Bozak.
13:52 of 1st period - Shot Misses the Net.
15:15 of 1st period - Penalty to Logan Stephenson is over, Logan Stephenson is back on ice.
15:28 of 1st period - Slapshot by Martin Grenier.
15:28 of 1st period - Stopped by José Theodore without a rebound.
15:29 of 1st period - Josh Hennessy wins face-off versus Benn Ferriero in Icehogs zone.
15:34 of 1st period - Wrist shot by Josh Hennessy.
15:34 of 1st period - Shot Blocked by Josh Meyers.
15:48 of 1st period - Snap shot by Benn Ferriero.
15:48 of 1st period - Stopped by José Theodore without a rebound.
15:49 of 1st period - Tyler Bozak wins face-off versus Jason King in Icehogs zone.
16:00 of 1st period - Snap shot by Mikael Renberg.
16:00 of 1st period - Stopped by José Theodore without a rebound.
16:01 of 1st period - Dustin Boyd wins face-off versus Patrik Berglund in Icehogs zone.
16:12 of 1st period - Slapshot by Dustin Boyd.
16:12 of 1st period - Shot Blocked by Ryan Parent.
16:14 of 1st period - Slapshot by Niklas Hjalmarsson.
16:14 of 1st period - Stopped by José Theodore with a rebound.
16:16 of 1st period - Snap shot by Josh Gratton.
16:16 of 1st period - Stopped by José Theodore with a rebound.
17:15 of 1st period - Slapshot by Paul Ranger.
17:15 of 1st period - Deflect By Josh Hennessy.
17:15 of 1st period - Goal by Josh Hennessy - Icehogs : 1 - River Rats : 0.
17:16 of 1st period - Dustin Boyd wins face-off versus Patrik Berglund in neutral zone.
17:21 of 1st period - B.J. Crombeen is hit by Martin Grenier and loses puck.
17:52 of 1st period - Slapshot by Niklas Hagman.
17:52 of 1st period - Shot Misses the Net.
18:02 of 1st period - Wrist shot by Benn Ferriero.
18:02 of 1st period - Stopped by José Theodore without a rebound.
18:03 of 1st period - Ville Nieminen wins face-off versus Benn Ferriero in Icehogs zone.
18:10 of 1st period - Snap shot by Andrew Murray.
18:10 of 1st period - Stopped by Jeff Glass with a rebound.
18:12 of 1st period - Wrist shot by Barry Tallackson.
18:12 of 1st period - Shot Misses the Net.
18:49 of 1st period - Snap shot by Tyler Bozak.
18:49 of 1st period - Shot Misses the Net.
18:51 of 1st period - Snap shot by Brett Maclean.
18:51 of 1st period - Shot Blocked by Paul Ranger.
18:53 of 1st period - Slapshot by Martin Grenier.
18:53 of 1st period - Shot Blocked by Paul Ranger.
18:55 of 1st period - Slapshot by Martin Grenier.
18:55 of 1st period - Stopped by José Theodore with a rebound.
18:57 of 1st period - Snap shot by Brett Maclean.
18:57 of 1st period - Shot Misses the Net.
18:59 of 1st period - Slapshot by Niklas Hjalmarsson.
18:59 of 1st period - Deflect By Tyler Bozak.
18:59 of 1st period - Stopped by José Theodore with a rebound.
19:33 of 1st period - Snap shot by Josh Hennessy.
19:33 of 1st period - Shot Blocked by Benn Ferriero.
19:49 of 1st period - Andrew Murray is hit by Josh Gratton and loses puck.
19:54 of 1st period - Slapshot by Dustin Boyd.
19:54 of 1st period - Stopped by José Theodore with a rebound.
2nd period
0:01 of 2nd period - Patrik Berglund wins face-off versus Dustin Boyd in neutral zone.
0:16 of 2nd period - Snap shot by Patrik Berglund.
0:16 of 2nd period - Deflect By B.J. Crombeen.
0:16 of 2nd period - Shot Misses the Net.
0:16 of 2nd period - Puck is out of play.
0:17 of 2nd period - Tyler Bozak wins face-off versus Darren Helm in River Rats zone.
1:07 of 2nd period - Snap shot by Ryan Shannon.
1:07 of 2nd period - Shot Misses the Net.
1:10 of 2nd period - Icing by Dustin Boyd.
1:11 of 2nd period - Dustin Boyd wins face-off versus Josh Hennessy in River Rats zone.
1:18 of 2nd period - Backhand shot by Lee Stempniak.
1:18 of 2nd period - Stopped by José Theodore with a rebound.
1:20 of 2nd period - Slapshot by Lee Stempniak.
1:20 of 2nd period - Stopped by José Theodore without a rebound.
1:21 of 2nd period - Patrik Berglund wins face-off versus Tyler Bozak in Icehogs zone.
1:26 of 2nd period - Snap shot by Nikolai Kulemin.
1:26 of 2nd period - Shot Misses the Net.
1:28 of 2nd period - Backhand shot by Matt Hunwick.
1:28 of 2nd period - Deflect By Nikolai Kulemin.
1:28 of 2nd period - Stopped by Jeff Glass without a rebound.
1:29 of 2nd period - Patrik Berglund wins face-off versus Tyler Bozak in River Rats zone.
1:36 of 2nd period - Wrist shot by Nikolai Kulemin.
1:36 of 2nd period - Shot Misses the Net.
1:38 of 2nd period - Slapshot by Milan Jurcina.
1:38 of 2nd period - Shot Hit the Post.
1:45 of 2nd period - Minor Penalty to Patrik Berglund for Elbowing.
1:46 of 2nd period - B.J. Crombeen wins face-off versus Dustin Boyd in Icehogs zone.
1:46 of 2nd period - B.J. Crombeen is hit by Josh Gratton.
2:50 of 2nd period - Niklas Hagman is hit by Tyler Bozak.
2:54 of 2nd period - Mikael Renberg is hit by Milan Jurcina and loses puck.
3:45 of 2nd period - Penalty to Patrik Berglund is over, Patrik Berglund is back on ice.
3:45 of 2nd period - Sasha Pokulok is hit by Patrik Berglund.
3:59 of 2nd period - Wrist shot by Josh Hennessy.
3:59 of 2nd period - Shot Misses the Net.
4:21 of 2nd period - Wrist shot by Ville Nieminen.
4:21 of 2nd period - Stopped by Jeff Glass with a rebound.
5:03 of 2nd period - Snap shot by Andrew Murray.
5:03 of 2nd period - Shot Misses the Net.
5:46 of 2nd period - Lee Stempniak is hit by Travis Moen.
5:56 of 2nd period - Slapshot by Matt Hunwick.
5:56 of 2nd period - Shot Blocked by Bryan Rodney.
5:58 of 2nd period - Slapshot by Matt Hunwick.
5:58 of 2nd period - Deflect By Bryan Rodney.
5:58 of 2nd period - Stopped by Jeff Glass with a rebound.
6:00 of 2nd period - Snap shot by Ville Nieminen.
6:00 of 2nd period - Shot Blocked by Benn Ferriero.
6:02 of 2nd period - Slapshot by Barry Tallackson.
6:02 of 2nd period - Stopped by Jeff Glass with a rebound.
6:12 of 2nd period - Ryan Parent is hit by Lee Stempniak.
6:28 of 2nd period - Jonathan Ericsson is hit by B.J. Crombeen and loses puck.
6:34 of 2nd period - Off-side.
6:35 of 2nd period - Dustin Boyd wins face-off versus Patrik Berglund in neutral zone.
7:38 of 2nd period - Snap shot by Nikolai Kulemin.
7:38 of 2nd period - Shot Misses the Net.
7:39 of 2nd period - Minor Penalty to Bryan Bickell for Hooking.
7:40 of 2nd period - Kyle Chipchura wins face-off versus Andrew Murray in River Rats zone.
8:11 of 2nd period - Niklas Hjalmarsson is hit by Jason King and loses puck.
8:31 of 2nd period - Mikael Renberg is hit by Jason King and loses puck.
8:36 of 2nd period - Wrist shot by Josh Hennessy.
8:36 of 2nd period - Shot Misses the Net.
8:38 of 2nd period - Snap shot by Jason King.
8:38 of 2nd period - Shot Blocked by Mikael Renberg.
8:40 of 2nd period - Wrist shot by Josh Hennessy.
8:40 of 2nd period - Shot Misses the Net.
8:42 of 2nd period - Slapshot by Matt Hunwick.
8:42 of 2nd period - Deflect By Ville Nieminen.
8:42 of 2nd period - Stopped by Jeff Glass with a rebound.
9:02 of 2nd period - Wrist shot by Jason King.
9:02 of 2nd period - Stopped by Jeff Glass without a rebound.
9:03 of 2nd period - Dustin Boyd wins face-off versus Andrew Murray in River Rats zone.
9:20 of 2nd period - Paul Ranger is hit by Niklas Hjalmarsson and loses puck.
9:39 of 2nd period - Penalty to Bryan Bickell is over, Bryan Bickell is back on ice.
10:11 of 2nd period - Slapshot by Martin Grenier.
10:11 of 2nd period - Deflect By Logan Stephenson.
10:11 of 2nd period - Stopped by José Theodore without a rebound.
10:12 of 2nd period - Patrik Berglund wins face-off versus Benn Ferriero in Icehogs zone.
10:48 of 2nd period - Wrist shot by Barry Tallackson.
10:48 of 2nd period - Shot Blocked by Brett Maclean.
10:50 of 2nd period - Slapshot by Andrew Murray.
10:50 of 2nd period - Shot Misses the Net.
11:00 of 2nd period - Sasha Pokulok is hit by Ville Nieminen and loses puck.
11:21 of 2nd period - Dustin Boyd is hit by Logan Stephenson and loses puck.
11:58 of 2nd period - Slapshot by Nikolai Kulemin.
11:58 of 2nd period - Deflect By Darren Helm.
11:58 of 2nd period - Shot Blocked by Benn Ferriero.
11:58 of 2nd period - Puck is out of play.
11:59 of 2nd period - Niklas Hagman wins face-off versus Benn Ferriero in River Rats zone.
12:00 of 2nd period - Snap shot by Jason King.
12:00 of 2nd period - Stopped by Jeff Glass with a rebound.
12:02 of 2nd period - Slapshot by Paul Ranger.
12:02 of 2nd period - Deflect By Jay Beagle.
12:02 of 2nd period - Stopped by Jeff Glass without a rebound.
12:03 of 2nd period - Darren Helm wins face-off versus Dustin Boyd in River Rats zone.
12:26 of 2nd period - Slapshot by Niklas Hagman.
12:26 of 2nd period - Stopped by Jeff Glass without a rebound.
12:27 of 2nd period - Patrik Berglund wins face-off versus Tyler Bozak in River Rats zone.
12:28 of 2nd period - Wrist shot by B.J. Crombeen.
12:28 of 2nd period - Shot Blocked by Tyler Bozak.
12:30 of 2nd period - Snap shot by Milan Jurcina.
12:30 of 2nd period - Shot Blocked by Niklas Hjalmarsson.
12:32 of 2nd period - Snap shot by Nikolai Kulemin.
12:32 of 2nd period - Stopped by Jeff Glass without a rebound.
12:33 of 2nd period - Patrik Berglund wins face-off versus Tyler Bozak in River Rats zone.
13:02 of 2nd period - Snap shot by Jason King.
13:02 of 2nd period - Shot Misses the Net.
13:03 of 2nd period - Minor Penalty to Lee Stempniak for Hooking.
13:04 of 2nd period - B.J. Crombeen wins face-off versus Kyle Chipchura in River Rats zone.
13:07 of 2nd period - Slapshot by Andrew Murray.
13:07 of 2nd period - Goal by Andrew Murray - Icehogs : 2 - River Rats : 0.
13:08 of 2nd period - Patrik Berglund wins face-off versus Dustin Boyd in neutral zone.
13:12 of 2nd period - Minor Penalty to Lee Stempniak for Hooking.
13:13 of 2nd period - Kyle Chipchura wins face-off versus Andrew Murray in River Rats zone.
13:26 of 2nd period - Wrist shot by Andrew Murray.
13:26 of 2nd period - Goal by Andrew Murray - Icehogs : 3 - River Rats : 0.
13:27 of 2nd period - Dustin Boyd wins face-off versus Patrik Berglund in neutral zone.
13:36 of 2nd period - Slapshot by Dustin Boyd.
13:36 of 2nd period - Shot Blocked by Paul Ranger.
13:57 of 2nd period - Wrist shot by Darren Helm.
13:57 of 2nd period - Stopped by Jeff Glass with a rebound.
14:05 of 2nd period - Jason King is hit by Martin Grenier and loses puck.
14:16 of 2nd period - Paul Ranger is hit by Jesse Joensuu and loses puck.
14:49 of 2nd period - Snap shot by Nikolai Kulemin.
14:49 of 2nd period - Stopped by Jeff Glass without a rebound.
14:50 of 2nd period - Dustin Boyd wins face-off versus Patrik Berglund in River Rats zone.
15:01 of 2nd period - Snap shot by Dustin Boyd.
15:01 of 2nd period - Stopped by José Theodore with a rebound.
15:23 of 2nd period - Milan Jurcina is hit by Bryan Rodney and loses puck.
15:36 of 2nd period - Wrist shot by Benn Ferriero.
15:36 of 2nd period - Stopped by José Theodore without a rebound.
15:37 of 2nd period - Benn Ferriero wins face-off versus Josh Hennessy in Icehogs zone.
15:45 of 2nd period - Off-side.
15:46 of 2nd period - Patrik Berglund wins face-off versus Dustin Boyd in neutral zone.
16:12 of 2nd period - Jason King is hit by Mikael Renberg and loses puck.
16:36 of 2nd period - Backhand shot by Paul Ranger.
16:36 of 2nd period - Shot Misses the Net.
16:38 of 2nd period - Slapshot by Matt Hunwick.
16:38 of 2nd period - Stopped by Jeff Glass without a rebound.
16:39 of 2nd period - Benn Ferriero wins face-off versus Andrew Murray in River Rats zone.
17:23 of 2nd period - Snap shot by Ville Nieminen.
17:23 of 2nd period - Shot Misses the Net.
17:25 of 2nd period - Slapshot by Barry Tallackson.
17:25 of 2nd period - Shot Hit the Post.
17:27 of 2nd period - Slapshot by Andrew Murray.
17:27 of 2nd period - Goal by Andrew Murray - Icehogs : 4 - River Rats : 0.
17:28 of 2nd period - Patrik Berglund wins face-off versus Dustin Boyd in neutral zone.
17:30 of 2nd period - Off-side.
17:31 of 2nd period - Patrik Berglund wins face-off versus Dustin Boyd in neutral zone.
18:22 of 2nd period - Snap shot by Jason King.
18:22 of 2nd period - Stopped by Jeff Glass without a rebound.
18:23 of 2nd period - Darren Helm wins face-off versus Tyler Bozak in River Rats zone.
18:33 of 2nd period - Minor Penalty to Brett Maclean for Tripping.
18:34 of 2nd period - Andrew Murray wins face-off versus Kyle Chipchura in River Rats zone.
19:51 of 2nd period - Jonathan Ericsson is hit by Josh Hennessy and loses puck.
3rd period
0:01 of 3rd period - Kyle Chipchura wins face-off versus Andrew Murray in neutral zone.
0:06 of 3rd period - Snap shot by Mikael Renberg.
0:06 of 3rd period - Goal by Mikael Renberg - Icehogs : 4 - River Rats : 1.
0:07 of 3rd period - Andrew Murray wins face-off versus Kyle Chipchura in neutral zone.
0:33 of 3rd period - Penalty to Brett Maclean is over, Brett Maclean is back on ice.
0:36 of 3rd period - Snap shot by Mikael Renberg.
0:36 of 3rd period - Stopped by José Theodore without a rebound.
0:37 of 3rd period - Patrik Berglund wins face-off versus Dustin Boyd in Icehogs zone.
0:46 of 3rd period - Backhand shot by Bryan Rodney.
0:46 of 3rd period - Stopped by José Theodore without a rebound.
0:47 of 3rd period - Dustin Boyd wins face-off versus Patrik Berglund in Icehogs zone.
0:50 of 3rd period - Snap shot by Dustin Boyd.
0:50 of 3rd period - Shot Misses the Net.
0:52 of 3rd period - Slapshot by Josh Meyers.
0:52 of 3rd period - Shot Blocked by Milan Jurcina.
0:54 of 3rd period - Slapshot by Bryan Rodney.
0:54 of 3rd period - Stopped by José Theodore without a rebound.
0:55 of 3rd period - Patrik Berglund wins face-off versus Dustin Boyd in Icehogs zone.
1:26 of 3rd period - Slapshot by Milan Jurcina.
1:26 of 3rd period - Shot Blocked by Martin Grenier.
1:46 of 3rd period - Ryan Shannon is hit by Jay Beagle and loses puck.
2:13 of 3rd period - Snap shot by Lee Stempniak.
2:13 of 3rd period - Shot Misses the Net.
2:15 of 3rd period - Slapshot by Lee Stempniak.
2:15 of 3rd period - Stopped by José Theodore with a rebound.
2:46 of 3rd period - Josh Meyers is hit by Darren Helm and loses puck.
3:06 of 3rd period - Bryan Rodney is hit by Logan Stephenson and loses puck.
3:08 of 3rd period - Minor Penalty to Josh Meyers for Tripping.
3:08 of 3rd period - Minor Penalty to Ville Nieminen for Hooking.
3:09 of 3rd period - Tyler Bozak wins face-off versus B.J. Crombeen in Icehogs zone.
3:16 of 3rd period - Wrist shot by Niklas Hagman.
3:16 of 3rd period - Stopped by Jeff Glass with a rebound.
3:18 of 3rd period - Slapshot by Paul Ranger.
3:18 of 3rd period - Shot Blocked by Sasha Pokulok.
3:56 of 3rd period - Snap shot by Barry Tallackson.
3:56 of 3rd period - Stopped by Jeff Glass with a rebound.
4:30 of 3rd period - Slapshot by Paul Ranger.
4:30 of 3rd period - Stopped by Jeff Glass with a rebound.
4:48 of 3rd period - Jonathan Ericsson is hit by Paul Ranger and loses puck.
5:08 of 3rd period - Penalty to Josh Meyers is over, Josh Meyers is back on ice.
5:08 of 3rd period - Penalty to Ville Nieminen is over, Ville Nieminen is back on ice.
5:31 of 3rd period - Snap shot by Dustin Boyd.
5:31 of 3rd period - Shot Misses the Net.
5:33 of 3rd period - Slapshot by Sasha Pokulok.
5:33 of 3rd period - Stopped by José Theodore without a rebound.
5:34 of 3rd period - Josh Hennessy wins face-off versus Kyle Chipchura in Icehogs zone.
5:34 of 3rd period - Josh Hennessy is hit by Jesse Joensuu.
5:40 of 3rd period - Trent Hunter is hit by Mark Popovic and loses puck.
5:59 of 3rd period - Jesse Joensuu is hit by Logan Stephenson.
6:05 of 3rd period - Patrik Berglund is hit by Niklas Hjalmarsson and loses puck.
6:10 of 3rd period - Slapshot by Trent Hunter.
6:10 of 3rd period - Stopped by José Theodore without a rebound.
6:11 of 3rd period - Jason King wins face-off versus Dustin Boyd in Icehogs zone.
6:46 of 3rd period - Wrist shot by Tyler Bozak.
6:46 of 3rd period - Shot Misses the Net.
7:16 of 3rd period - Ryan Shannon is hit by Sasha Pokulok.
7:24 of 3rd period - Slapshot by Travis Moen.
7:24 of 3rd period - Goal by Travis Moen - Icehogs : 5 - River Rats : 1.
7:25 of 3rd period - Patrik Berglund wins face-off versus Dustin Boyd in neutral zone.
7:51 of 3rd period - Jason King is hit by Martin Grenier and loses puck.
9:38 of 3rd period - Snap shot by Barry Tallackson.
9:38 of 3rd period - Stopped by Jeff Glass with a rebound.
9:40 of 3rd period - Slapshot by Barry Tallackson.
9:40 of 3rd period - Stopped by Jeff Glass with a rebound.
9:42 of 3rd period - Snap shot by Ville Nieminen.
9:42 of 3rd period - Goal by Ville Nieminen - Icehogs : 6 - River Rats : 1.
9:43 of 3rd period - Patrik Berglund wins face-off versus Dustin Boyd in neutral zone.
9:48 of 3rd period - Wrist shot by B.J. Crombeen.
9:48 of 3rd period - Shot Blocked by Dustin Boyd.
9:50 of 3rd period - Slapshot by Paul Ranger.
9:50 of 3rd period - Deflect By Nikolai Kulemin.
9:50 of 3rd period - Stopped by Jeff Glass with a rebound.
10:10 of 3rd period - Ryan Parent is hit by Tyler Bozak and loses puck.
10:17 of 3rd period - Wrist shot by Mikael Renberg.
10:17 of 3rd period - Deflect By Brett Maclean.
10:17 of 3rd period - Stopped by José Theodore without a rebound.
10:18 of 3rd period - Darren Helm wins face-off versus Tyler Bozak in Icehogs zone.
10:33 of 3rd period - Slapshot by Mikael Renberg.
10:33 of 3rd period - Shot Blocked by Niklas Hagman.
11:30 of 3rd period - Travis Moen is hit by Tyler Bozak.
11:42 of 3rd period - Slapshot by Mikael Renberg.
11:42 of 3rd period - Shot Blocked by Paul Ranger.
11:53 of 3rd period - Off-side.
11:54 of 3rd period - Darren Helm wins face-off versus Kyle Chipchura in neutral zone.
12:20 of 3rd period - Niklas Hjalmarsson is hit by Logan Stephenson and loses puck.
12:51 of 3rd period - Backhand shot by Dustin Boyd.
12:51 of 3rd period - Shot Misses the Net.
12:53 of 3rd period - Slapshot by Martin Grenier.
12:53 of 3rd period - Deflect By B.J. Crombeen.
12:53 of 3rd period - Stopped by José Theodore with a rebound.
12:55 of 3rd period - Slapshot by Dustin Boyd.
12:55 of 3rd period - Shot Misses the Net.
13:27 of 3rd period - Snap shot by Niklas Hagman.
13:27 of 3rd period - Stopped by Jeff Glass with a rebound.
13:29 of 3rd period - Snap shot by Darren Helm.
13:29 of 3rd period - Shot Blocked by Jonathan Ericsson.
13:31 of 3rd period - Snap shot by Niklas Hagman.
13:31 of 3rd period - Goal by Niklas Hagman - Icehogs : 7 - River Rats : 1.
13:32 of 3rd period - Patrik Berglund wins face-off versus Dustin Boyd in neutral zone.
13:35 of 3rd period - Slapshot by Milan Jurcina.
13:35 of 3rd period - Goal by Milan Jurcina - Icehogs : 8 - River Rats : 1.
13:36 of 3rd period - Dustin Boyd wins face-off versus Patrik Berglund in neutral zone.
14:34 of 3rd period - Wrist shot by Niklas Hagman.
14:34 of 3rd period - Stopped by Jeff Glass without a rebound.
14:35 of 3rd period - Tyler Bozak wins face-off versus Patrik Berglund in River Rats zone.
15:01 of 3rd period - Niklas Hagman is hit by Bryan Bickell.
15:08 of 3rd period - Icing by Bryan Bickell.
15:09 of 3rd period - Patrik Berglund wins face-off versus Benn Ferriero in River Rats zone.
15:19 of 3rd period - Off-side.
15:20 of 3rd period - Patrik Berglund wins face-off versus Dustin Boyd in neutral zone.
15:33 of 3rd period - Niklas Hjalmarsson and Nikolai Kulemin fight to a draw.
15:33 of 3rd period - Penalty to Niklas Hjalmarsson for Fighting.
15:33 of 3rd period - Penalty to Nikolai Kulemin for Fighting.
15:33 of 3rd period - Penalty to Niklas Hjalmarsson for instigated a fight.
15:33 of 3rd period - Penalty to Niklas Hjalmarsson for instigated a fight.
15:34 of 3rd period - Kyle Chipchura wins face-off versus Andrew Murray in River Rats zone.
17:02 of 3rd period - Paul Ranger is hit by Mikael Renberg and loses puck.
17:33 of 3rd period - Penalty to Niklas Hjalmarsson is over, Jay Beagle is send on ice.
17:41 of 3rd period - Bryan Rodney is hit by Matt Hunwick and loses puck.
18:40 of 3rd period - Logan Stephenson is hit by Trent Hunter and loses puck.
19:13 of 3rd period - B.J. Crombeen is hit by Sasha Pokulok and loses puck.
Output by the SimonT Hockey Simulator (STHS) for François Prévost -- Original Page W3C XHTML 1.0 Valid